 Dungeon Crawl Stone Soup version 0.28.0 (webtiles) character file.

Game seed: 9352703321887930221

81 Akaron the Sneak (level 4, 0/27 HPs)
             Began as an Octopode Enchanter on Feb 13, 2022.
             Slain by Terence (8 damage)
             ... on level 2 of the Dungeon.
             The game lasted 00:03:02 (2397 turns).

Akaron the Sneak (Octopode Enchanter)               Turns: 2397, Time: 00:03:03

Health: 0/27       AC:  1    Str:  7    XL:     4   Next: 42%
Magic:  2/7        EV: 13    Int: 17    God:
Gold:   130        SH:  0    Dex: 14    Spells: 3/8 levels left

rFire   . . .      SeeInvis .   a - +1 dagger
rCold   . . .      Faith    .   (no shield)
rNeg    . . .      Spirit   .   (helmet restricted)
rPois   .          Reflect  .   (no amulet)
rElec   .          Harm     .   (no ring)
rCorr   .          Rampage  .   (no ring)
Will    .....                   (no ring)
Stlth   ++++......              (no ring)
HPRegen 0.09/turn               (no ring)
MPRegen 0.10/turn               (no ring)
                                (no ring)
                                (no ring)

@: invisible
A: almost no armour, amphibious, 8 rings, camouflage 1, gelatinous body 1,
(nimble swimmer 1), tentacles
a: no special abilities


You were on level 2 of the Dungeon.
You visited 1 branch of the dungeon, and saw 2 of its levels.

You collected 130 gold pieces.

Inventory:

Hand Weapons
 a - a +1 dagger (weapon)
Scrolls
 c - 2 scrolls of teleportation {unknown}
 f - a scroll of immolation {unknown}
Potions
 d - a potion of berserk rage {unknown}
 e - 2 potions of brilliance {unknown}
 g - a potion of curing {unknown}
 h - a potion of ambrosia {unknown}
 i - a potion of attraction {unknown}


   Skills:
 + Level 0.1 Fighting
 + Level 1.4 Short Blades
 + Level 2.3 Dodging
 + Level 5.3 Stealth
 + Level 2.5 Spellcasting
 + Level 3.5 Hexes
 + Level 0.1 Ice Magic


You had 3 spell levels left.
You knew the following spells:

 Your Spells              Type           Power      Damage    Failure   Level
a - Ensorcelled Hibernat  Hex/Ice        16%        N/A       13%         2
b - Confusing Touch       Hex            14%        N/A       13%         3

Your spell library contained the following spells:

 Spells                   Type           Power      Damage    Failure   Level
 Tukima's Dance           Hex            14%        N/A       13%         3
 Dazzling Flash           Conj/Hex       16%        N/A       26%         3


Dungeon Overview and Level Annotations

Branches:
Dungeon (2/15)

Altars:

Annotations:
D:2 Terence


Innate Abilities, Weirdness & Mutations

You cannot wear most types of armour.
You are amphibious.
You can wear up to eight rings at the same time.
Your skin changes colour to match your surroundings (Stealth+).
Your rubbery body absorbs attacks. (AC +1, EV +1)
((You are camouflaged when in or above water. (Stealth+)))
You have tentacles for arms and can constrict up to eight enemies at once.


Message History

Found a scroll labelled XICA XECUT and 5 gold pieces.
There is an open door here.
Terence shouts!
Terence resists with some effort.
Terence resists with some effort.
Terence resists with some effort.
Terence barely misses you.
You don't have enough magic to cast this spell.
You barely miss Terence. Your grab misses Terence.
Terence shouts, "Now you die!" Terence misses you.
You barely miss Terence. Your grab misses Terence.
Your tentacle-slap misses Terence.
Terence hits you with a +0 short sword.
You hit Terence but do no damage. You grab Terence. You constrict Terence.
Terence hits you with a +0 short sword.
You hit Terence but do no damage.
Terence is lightly wounded.
You constrict Terence, but do no damage.
Terence hits you with a +0 short sword!
You are too injured to fight recklessly!
You hit Terence but do no damage.
Terence is lightly wounded.
You constrict Terence. Terence hits you but does no damage.
You hit Terence. You squeeze Terence.
Terence is heavily wounded.
You constrict Terence, but do no damage.
Terence hits you with a +0 short sword.
* * * LOW HITPOINT WARNING * * *
You fade into invisibility!
You constrict Terence, but do no damage.
Terence closely misses you.
You release your grip on Terence.
There is an open door here.
There is an open door here.
Terence says, "How do you enjoy it?"
There is an open door here.
You hit Terence. You grab Terence.
Terence is heavily wounded.
You constrict Terence, but do no damage.
Terence hits you with a +0 short sword!
You die...

........................# .#..##
........##..............# #..#..
##########..............###.#..#
#..............##.....#
#######.................8.8..
#..............#...#.##^....#
#.....(...##'###...#.###.#..#
#.........##.# #...#.#.#..#..
#.........##@####+##.##.#..##
#.........#.@...?..#.#.#.#..#
##...######........#.###....#
#... #.....$..#. ##...## #...
#........# #...#.# #........#
##....## #........# #....#.#
#........# #...#### ##########
#..#.# #


You could see Terence.

Vanquished Creatures
  A gnoll (D:1)
  3 adders (D:2)
  5 ball pythons (D:1)
  8 endoplasms
  2 giant cockroaches (D:2)
  4 goblins (D:1)
  5 hobgoblins (D:1)
  2 quokkas (D:1)
  4 bats
  4 kobolds
  3 rats
41 creatures vanquished.

Notes
Turn   | Place    | Note
-------+----------+-------------------------------------------
     0 | D:1      | Akaron the Octopode Enchanter began the quest for the Orb.
     0 | D:1      | Reached XP level 1. HP: 11/11 MP: 3/3
   304 | D:1      | Reached XP level 2. HP: 1/17 MP: 5/5
   309 | D:1      | Learned a level 2 spell: Ensorcelled Hibernation
   739 | D:1      | Reached XP level 3. HP: 10/21 MP: 6/6
  1901 | D:2      | Reached skill level 5 in Stealth
  1986 | D:2      | Reached XP level 4. HP: 27/27 MP: 7/7
  1994 | D:2      | Learned a level 3 spell: Confusing Touch
  2016 | D:2      | Found a faded altar of an unknown god.
  2377 | D:2      | Noticed Terence
  2397 | D:2      | Slain by Terence

Illustrated notes

Levels and vault maps discovered:
D:1:      wander_arrival_lonely_grave, layout_loops_ring
D:2:      wad_crossroads, layout_basic, ebering_ecumenical_altar_abandoned,
          uniq_terence

Skill      XL: |  1  2  3 |
---------------+----------+-----
Stealth        | 5 |  5.3
Fighting       | |  0.1
Short Blades   | |  1.4
Dodging        | |  2.3
Spellcasting   | |  2.5
Hexes          | |  3.5
Ice Magic      | |  0.1

Action                   |  1- 3 |  4- 6 || total
-------------------------+-------+-------++-------
Melee: Dagger            |    79 |    20 ||    99
       Constrict         |    18 |     3 ||    21
       Tentacles         |    18 |     2 ||    20
       Punch             |     3 |     1 ||     4
 Cast: Ensorcelled Hiber |     5 |     3 ||     8
  Use: Potion            |       |     1 ||     1
 Stab: Distracted        |     1 |       ||     1
       Sleeping          |    10 |     4 ||    14
Armor: Skin              |     9 |     1 ||    10
Dodge: Dodged            |    47 |    11 ||    58
